 Dungeon Crawl Stone Soup version 0.25-a0-697-g890751e744 (webtiles) character file.

Game seed: 5853837320806822681, levelgen mode: deterministic

60 kae the Ruffian (level 3, -5/28 HPs)
             Began as a Draconian Transmuter on Apr 1, 2020.
             Killed from afar by an orc wizard (7 damage)
             ... with a magic dart
             ... on level 3 of the Dungeon.
             The game lasted 00:01:52 (2679 turns).

kae the Ruffian (Draconian Transmuter)              Turns: 2679, Time: 00:01:53

Health: -5/28      AC:  2    Str: 12    XL:     3   Next: 80%
Magic:  4/6        EV: 19    Int: 14    God:
Gold:   95         SH:  0    Dex: 16    Spells: 1/7 levels left

rFire    . . .     SeeInvis .     - Unarmed
rCold    . . .     Gourm    .   (shield currently unavailable)
rNeg     . . .     Faith    .   (armour unavailable)
rPois    x         Spirit   .   (helmet currently unavailable)
rElec    .         Reflect  .   (cloak currently unavailable)
rCorr    .         Harm     .   (gloves currently unavailable)
MR       .....                  (boots currently unavailable)
Stlth    +.........             (no amulet)
HPRegen  0.09/turn              (no ring)
MPRegen  0.10/turn              (no ring)

@: lethally poisoned (-5 -> -44), spider-form (expiring), slowed, very slow
A: tiny, unfitting armour, AC +5
a: End Transformation


You were on level 3 of the Dungeon.
You were very hungry.
You were a venomous arachnid creature.
You visited 1 branch of the dungeon, and saw 3 of its levels.

You collected 95 gold pieces.

Inventory:

Missiles
 a - 20 arrows
Scrolls
 d - a scroll of teleportation {unknown}
 f - 4 scrolls of remove curse {unknown}
 h - a scroll of identify {unknown}
 i - a scroll of noise {unknown}
Potions
 b - a potion of heal wounds
 e - a potion of berserk rage {unknown}
 g - 3 potions of curing {unknown}
Comestibles
 c - 8 rations


   Skills:
 - Level 1.1 Fighting
 - Level 1.7 Dodging
 * Level 4.0 Unarmed Combat
 + Level 2.5 Spellcasting
 + Level 2.6 Transmutations


You had one spell level left.
You knew the following spells:

 Your Spells              Type           Power        Failure   Level  Hunger
a - Beastly Appendage     Tmut           #.....       21%         1    #......
b - Sticks to Snakes      Tmut           #.......     28%         2    ###....
c - Spider Form           Tmut/Pois      #.........   58%         3    ###....

Your spell library contained the following spells:

 Spells                   Type           Power        Failure   Level  Hunger
 Ice Form                 Ice/Tmut       #.......     91%         4    #####..
 Blade Hands              Tmut           #.........   98%         5    ######.


Dungeon Overview and Level Annotations

Branches:
Dungeon (3/15)

Altars:
Dithmenos
Fedhas


Innate Abilities, Weirdness & Mutations

((Your plain brown scales are hard. (AC +5)))
You cannot fit into any form of body armour.
((You are cold-blooded and may be slowed by cold attacks.))


Message History

The orc wizard is moderately wounded.
You feel very sick. The orc wizard closely misses you.
The orc completely misses you.
The orc wizard hits you but does no damage.
You hit the orc wizard but do no damage.
The orc wizard is moderately wounded.
* * * LOW HITPOINT WARNING * * *
You feel sick. The orc hits you but does no damage.
You are more poisoned.
The orc wizard hits you with a +0 dagger.
* * * LOW HITPOINT WARNING * * *
You hit the orc wizard.
The orc wizard looks as sick as possible!
The orc wizard is severely wounded.
* * * LOW HITPOINT WARNING * * *
You feel very sick. The orc barely misses you.
The orc wizard gestures at you while chanting.
The magic dart hits you!
You die...

##.# ##.# #.. #.###..# #.#
##.##...# #.# ...###.## ##.##
#### #.# #...##### #.# #.......#
#+## #.# #...###.# #...## ##.#
#[†.###.# ##.....# # ###..#####
##soo..#.###.......
###........####.)......##.o......
+.......................'o.?.....
###....###.####>.......##......>.
# #.#..###.# #.....##.###$......
#.##...#.# #.#...##.# ##.....P
#.####.#.# #.#...##.# #..... #.#
#.#.# #........# #+##. #.####.#.#
###.######


You could see an orc wizard and an orc.

Vanquished Creatures
  A gnoll (D:1)
  An adder (D:3)
  An ooze (D:1)
  A leopard gecko (D:2)
  7 orcs
  2 bats
  A giant cockroach (D:3)
  3 goblins (D:1)
  3 hobgoblins
  A ball python (D:2)
  4 frilled lizards
  4 kobolds
  2 rats
31 creatures vanquished.

Notes
Turn   | Place    | Note
-------+----------+-------------------------------------------
     0 | D:1      | kae the Draconian Transmuter began the quest for the Orb.
     0 | D:1      | Reached XP level 1. HP: 16/16 MP: 3/3
   119 | D:1      | Reached XP level 2. HP: 20/23 MP: 3/5
   672 | D:1      | Learned a level 2 spell: Sticks to Snakes
   857 | D:2      | You fall into a shaft and drop 1 floor!
   879 | D:3      | Reached XP level 3. HP: 28/28 MP: 4/6
   909 | D:3      | Found a shadowy altar of Dithmenos,
  1302 | D:2      | Found a blossoming altar of Fedhas,
  2039 | D:2      | Learned a level 3 spell: Spider Form
  2461 | D:3      | Reached skill level 4 in Unarmed Combat
  2679 | D:3      | Killed from afar by an orc wizard

Levels and vault maps discovered:
D:1:      roderic_crossed_star, layout_loops_ring
D:2:      layout_basic, lemuel_doored_altar, first_ration
D:3:      layout_loops_corners, zin_treasury, kiku_gazebo_garden_becter,
          nicolae_dithmenos_through_a_glass_darkly

Skill      XL: |  1  2  3 |
---------------+----------+-----
Unarmed Combat | 4 |  4.0
Fighting       | |  1.1
Dodging        | |  1.7
Spellcasting   | |  2.5
Transmutations | |  2.6

Action                   || total
-------------------------++-------
Melee: Unarmed           ||   119
       Headbutt          ||     5
       Tailslap          ||     7
       Kick              ||     5
 Cast: Beastly Appendage ||    21
       Spider Form       ||     3
       Sticks to Snakes  ||     2
  Use: Scroll            ||     1
       Potion            ||     1
 Stab: Distracted        ||     1
  Eat: Chunk             ||     5
Armor: Skin              ||    29
Dodge: Dodged            ||    90

Table legend:
 A = Non-vault XP
 B = Vault XP
 C = Vault XP percentage of total XP
 D = Non-vault monster count
 E = Vault monster count
 F = Vault count percentage of total count
                 A         B        C        D         E       F
            +---------+---------+-------+---------+---------+-------
      Total |      86 |       0 |   0.0 |      31 |       0 |   0.0
            +---------+---------+-------+---------+---------+-------
        D:1 |      40 |       0 |   0.0 |      15 |       0 |   0.0
        D:2 |      20 |       0 |   0.0 |       9 |       0 |   0.0
        D:3 |      26 |       0 |   0.0 |       7 |       0 |   0.0
            +---------+---------+-------+---------+---------+-------
